 Dungeon Crawl Stone Soup version 0.25-a0-51-gc466198 (webtiles) character file.

Game seed: 7914984402731498794, levelgen mode: deterministic

161 BoppinsLewinski the Slasher (level 5, -1/46 HPs)
             Began as a Draconian Monk on Oct 25, 2019.
             Slain by a wyvern skeleton (8 damage)
             ... on level 3 of the Dungeon.
             The game lasted 00:05:06 (2957 turns).

BoppinsLewinski the Slasher (Draconian Monk)        Turns: 2957, Time: 00:05:06

Health: -1/46      AC:  5    Str: 17    XL:     5   Next: 19%
Magic:  5/5        EV: 13    Int: 10    God:
Gold:   157        SH:  0    Dex: 15    Spells: 4/4 levels left

rFire    + . .     SeeInvis .   a - +0 falchion
rCold    x . .     Gourm    .   (no shield)
rNeg     . . .     Faith    .   (armour unavailable)
rPois    .         Spirit   .   (helmet restricted)
rElec    .         Reflect  .   (no cloak)
rCorr    .         Harm     .   (no gloves)
MR       .....                  (no boots)
Stlth    ++........             (no amulet)
HPRegen  0.15/turn              g - ring of fire
MPRegen  0.09/turn              (no ring)

@: no status effects
A: unfitting armour, beak, agile 1, strong 1, cold-blooded, AC +5
a: no special abilities


You were on level 3 of the Dungeon.
You were hungry.

You visited 1 branch of the dungeon, and saw 3 of its levels.

You collected 157 gold pieces.

Inventory:

Hand Weapons
 a - a +0 falchion (weapon)
Missiles
 n - 7 boomerangs
 o - 3 poisoned darts (quivered)
Armour
 m - a +0 helmet
Jewellery
 g - a ring of fire (left hand)
Scrolls
 d - 2 scrolls of teleportation {unknown}
 e - 5 scrolls of identify {unknown}
 f - 3 scrolls of enchant armour {unknown}
 h - 3 scrolls of remove curse {unknown}
 i - a scroll of amnesia {unknown}
 j - a scroll of fear {unknown}
 l - a scroll of fog {unknown}
 p - a scroll of blinking {unknown}
Potions
 c - a potion of cancellation
Comestibles
 b - 2 rations
 k - a chunk of flesh


   Skills:
 + Level 4.1 Fighting
 * Level 4.3 Long Blades
 + Level 1.8 Throwing
 + Level 3.3 Dodging
 - Level 1.7 Stealth


You had 4 spell levels left.
You didn't know any spells.
Your spell library was empty.

Dungeon Overview and Level Annotations

Branches:
Dungeon (3/15)

Altars:

Annotations:
D:3 poseidemic's ghost, weakling TrWz


Innate Abilities, Weirdness & Mutations

Your plain brown scales are hard. (AC +5)
You cannot fit into any form of body armour.
You are cold-blooded and may be slowed by cold attacks.
You have a beak for a mouth.
You are agile. (Dex +2)
Your muscles are strong. (Str +2)


Message History

Ye be too injured ta fight recklessly!
Ye be too injured ta fight recklessly!
Ye hit tha wyvern skeleton.
Ye peck tha wyvern skeleton.
Tha wyvern skeleton be moderately damaged.
Tha wyvern skeleton closely misses ye.
Tha wyvern skeleton bites ye!
* * * LOW HITPOINT WARNIN'
* * * Ye hit tha wyvern skeleton.
Tha wyvern skeleton be moderately damaged.
Tha wyvern skeleton closely misses ye.
Ye hit tha wyvern skeleton.
Tha wyvern skeleton be heavily damaged.
Tha wyvern skeleton barely misses ye.
Tha wyvern skeleton closely misses ye.
Ye hit tha wyvern skeleton.
Tha wyvern skeleton be heavily damaged.
Tha wyvern skeleton closely misses ye.
Ye hit tha wyvern skeleton but do nay damage.
Yer peck misses tha wyvern skeleton.
Tha wyvern skeleton be heavily damaged.
Tha wyvern skeleton bites ye!
Ye die...

#...............
####..#.###.###.#...#.#
............###.##..#.
####..#)###..........
#..#.).÷......... .#
#..#####.###.##.## .#### # #..#
#..##.##..###.....
#.######..#####.Z.#.%...........
#...............@............#
#....†....#############......#
#.........#....ZWZ...©#......#
#.........#...........#......##.
#.........#..##...##..#..$......
#.........#..#8...8#..#......##.
#.......#.#..##...##..#...#..###
#.......#.#.....©.....#.........
#.......#.#..##...##..#.#.#..#.#


You could see poseidemic's ghost, an adder zombie, a hound zombie and a wyvern
skeleton.

Vanquished Creatures
  A wight (D:3)
  Terence (D:3)
  A killer bee zombie (D:2)
  2 adders (D:2)
  An ooze (D:3)
  A dart slug (D:1)
  2 leopard geckos (D:2)
  3 ball pythons
  A giant cockroach (D:3)
  8 goblins
  6 hobgoblins
  4 jackals (D:3)
  6 kobolds
  5 bats
  5 frilled lizards
  6 rats
  A plant (D:2)
54 creatures vanquished.

Notes
Turn   | Place    | Note
-------+----------+-------------------------------------------
     0 | D:1      | BoppinsLewinski the Draconian Monk began the quest for the
                  | Orb.
     0 | D:1      | Reached XP level 1. HP: 19/19 MP: 1/1
   208 | D:1      | Reached XP level 2. HP: 21/26 MP: 2/2
  1037 | D:2      | Reached XP level 3. HP: 23/31 MP: 3/3
  1065 | D:2      | Reached skill level 1 in Throwing
  1139 | D:2      | Gained mutation: Your muscles are strong. (Str +2) [potion
                  | of mutation]
  1139 | D:2      | Gained mutation: You have a beak for a mouth. [potion of
                  | mutation]
  1139 | D:2      | Gained mutation: You are agile. (Dex +2) [potion of
                  | mutation]
  1982 | D:2      | Reached XP level 4. HP: 40/40 MP: 4/4
  2504 | D:3      | Found a transporter.
  2504 | D:3      | Noticed poseidemic's ghost (weakling TrWz)
  2521 | D:3      | Found a transporter.
  2658 | D:3      | Noticed Terence
  2679 | D:3      | Killed Terence
  2679 | D:3      | Reached XP level 5. HP: 16/46 MP: 5/5
  2957 | D:3      | Slain by a wyvern skeleton

Levels and vault maps discovered:
D:1:      onia_arrival_pentagram, layout_loops_corners
D:2:      layout_loops_ring, serial_forest, infiniplex_forest_straight_2,
          infiniplex_forest_side_room, infiniplex_forest_straight_1,
          infiniplex_forest_lined_corner, infiniplex_forest_clump_diagonal,
          infiniplex_forest_end_2, infiniplex_forest_clump_cross,
          infiniplex_forest_lined_1, kennysheep_nondescript,
          kennysheep_generic_room_16
D:3:      layout_basic, gammafunk_ghost_mausoleum, first_ration, uniq_terence

Skill      XL: |  1  2  3  4 |
---------------+-------------+-----
Throwing       | 1 |  1.8
Dodging        | 3 |  3.3
Long Blades    | 4 |  4.3
Fighting       | 4 |  4.1
Stealth        | |  1.7

Action                   |  1- 3 |  4- 6 || total
-------------------------+-------+-------++-------
Melee: Falchion          |    85 |    80 ||   165
       Tailslap          |    12 |    19 ||    31
       Peck              |       |    16 ||    16
Throw: Dart              |       |     4 ||     4
       Boomerang         |       |     1 ||     1
  Use: Potion            |     2 |     1 ||     3
 Stab: Sleeping          |     4 |       ||     4
  Eat: Chunk             |     3 |     3 ||     6
Armor: Skin              |    26 |    21 ||    47
Dodge: Dodged            |    60 |    54 ||   114
       Rpst.: Falchion   |    14 |    15 ||    29

Table legend:
 A = Non-vault XP
 B = Vault XP
 C = Vault XP percentage of total XP
 D = Non-vault monster count
 E = Vault monster count
 F = Vault count percentage of total count
                 A         B        C        D         E       F
            +---------+---------+-------+---------+---------+-------
      Total |     137 |      94 |  40.7 |      50 |       3 |   5.7
            +---------+---------+-------+---------+---------+-------
        D:1 |      34 |       0 |   0.0 |      20 |       0 |   0.0
        D:2 |      73 |       1 |   1.4 |      14 |       1 |   6.7
        D:3 |      30 |      93 |  75.6 |      16 |       2 |  11.1
            +---------+---------+-------+---------+---------+-------
